 Dungeon Crawl Stone Soup version 0.31.0-12-g77e489cdc1 (webtiles) character file.

Game seed: 16249722827037828029

571 stipulation the Grave Robber (level 7, -1/32 HPs)
             Began as a Vine Stalker Necromancer on Feb 13, 2024.
             Slain by a crocodile zombie (7 damage)
             ... in an ossuary.
             The game lasted 00:06:49 (3618 turns).

stipulation the Grave Robber (VSNe)                 Turns: 3618, Time: 00:06:50

Health: -1/32      AC: 11    Str: 10    XL:     7   Next: 34%
Magic:  0/16       EV: 10    Int: 17    God:
Gold:   233        SH:  0    Dex: 15    Spells: 9/17 levels left

rFire   . . .        f - +2 dagger (holy)
rCold   . . .        (no shield)
rNeg    . . .        m - +3 ring mail
rPois   .            e - +0 helmet
rElec   .            (no cloak)
rCorr   .            n - +0 pair of gloves
SInv    .            o - +0 pair of boots
Will    .....        (no amulet)
Stlth   +            (no ring)
HPRegen 1.05/turn    (no ring)
MPRegen 0.15/turn

%: guardian spirit
@: no status effects
A: fangs 2, regeneration 1, magic shield, antimagic bite, no potion heal 2
a: no special abilities


You were in an ossuary.
You visited 1 branch of the dungeon, and saw 5 of its levels.
You also visited: Ossuary.

You collected 233 gold pieces.

Inventory:

Hand Weapons
 f - a +2 dagger of holy wrath (weapon)
Armour
 a - a +0 robe
 e - a +0 helmet (worn)
 m - a +3 ring mail (worn)
 n - a +0 pair of gloves (worn)
 o - a +0 pair of boots (worn)
Wands
 p - a wand of polymorph (6)
 s - a wand of paralysis (3)
Scrolls
 c - 3 scrolls of revelation
 d - 2 scrolls of poison
 g - 2 scrolls of identify
 h - a scroll of blinking {unknown}
 i - a scroll of summoning {unknown}
 k - 3 scrolls of amnesia
 l - 2 scrolls of teleportation {unknown}
 q - a scroll of fear {unknown}
Potions
 b - a potion of magic
 j - a potion of haste {unknown}
 r - a potion of heal wounds {unknown}


   Skills:
 - Level 1.5 Dodging
 - Level 2.4 Stealth
 + Level 5.8 Spellcasting
 + Level 6.7 Necromancy


You had 9 spell levels left.
You knew the following spells:

 Your Spells              Type           Power      Damage    Failure   Level
a - Necrotise             Necr           100%       1d9       2%          1
b - Vampiric Draining     Necr           27%        2d7       6%          3
c - Animate Dead          Necr           27%        N/A       22%         4

Your spell library contained the following spells:

 Spells                   Type           Power      Damage    Failure   Level
 Slow                     Hex            16%        N/A       34%         1
 Curse of Agony           Necr           27%        N/A       52%         5
 Confusing Touch          Hex            4%         N/A       71%         3
 Sigil of Binding         Hex            4%         N/A       71%         3


Dungeon Overview and Level Annotations

Branches:
Dungeon (5/15)            Ossuary (1/1)
 Temple: D:4-7

Altars:
Okawaru


Innate Abilities, Weirdness & Mutations

You have extremely sharp teeth.
Your natural rate of healing is unusually fast.
When hurt, damage is shared between your health and your magic reserves.
Your bite disrupts and absorbs the magic of your enemies.
Potions cannot restore your health.


Message History

The mummy is moderately damaged.
The crocodile zombie closely misses you.
You hit the mummy.
The mummy convulses.
The mummy is heavily damaged.
The mummy hits you but does no damage. The crocodile zombie bites you!
The crocodile zombie drags you backwards!
You hit the crocodile zombie but do no damage.
Your bite misses the crocodile zombie. The mummy hits you!
* * * LOW HITPOINT WARNING * * *
The crocodile zombie barely misses you.
Okay, then.
You barely miss the crocodile zombie. Your bite misses the crocodile zombie.
You hit the crocodile zombie.
The crocodile zombie convulses.
The crocodile zombie is lightly damaged.
The crocodile zombie bites you but does no damage.
The mummy barely misses you.
You hit the crocodile zombie but do no damage.
You bite the crocodile zombie, but do no damage.
The crocodile zombie is lightly damaged.
The kobold zombie barely misses you.
The crocodile zombie bites you but does no damage.
You hit the crocodile zombie.
The crocodile zombie convulses.
The crocodile zombie is moderately damaged.
The mummy hits you!
* * * LOW HITPOINT WARNING * * *
The kobold zombie hits you.
* * * LOW HITPOINT WARNING * * *
The crocodile zombie closely misses you.
You barely miss the crocodile zombie.
The crocodile zombie is moderately damaged.
The kobold zombie hits you but does no damage.
The mummy closely misses you.
The crocodile zombie bites you but does no damage.
You barely miss the crocodile zombie. You bite the crocodile zombie.
You drain its power.
You feel invigorated.
The crocodile zombie is moderately damaged.
You barely miss the crocodile zombie. Your bite misses the crocodile zombie.
The crocodile zombie is moderately damaged.
The kobold zombie barely misses you. The crocodile zombie bites you!
You die...

Z############
..^.........##
.^^..........#
....∩..∩...M.#
.........Z@..#
..........Z.##
Z############


You could see a mummy, a crocodile zombie and a kobold zombie.

Vanquished Creatures
  Eustachio (D:5)
  A scorpion (D:3)
  A hound (D:4)
  2 bombardier beetles
  A sleepcap (D:5)
  2 orc wizards (D:5)
  2 adders
  2 dart slugs (D:3)
  2 ribbon worms (D:3)
  11 orcs
  4 endoplasms
  2 giant cockroaches
  7 hobgoblins
  3 jackals (D:3)
  6 kobolds
  5 quokkas
  5 ball pythons
  11 bats
  3 frilled lizards
  5 rats
76 creatures vanquished.

Vanquished Creatures (collateral kills)
  A black bear (D:5)
  A goblin (D:1)
  A hobgoblin (D:3)
  2 frilled lizards
  A kobold (D:1)
6 creatures vanquished.

Grand Total: 82 creatures vanquished

Notes
Turn   | Place    | Note
-------+----------+-------------------------------------------
     0 | D:1      | stipulation the Vine Stalker Necromancer began the quest
                  | for the Orb.
     0 | D:1      | Reached XP level 1. HP: 9/9 MP: 4/4
   222 | D:1      | Reached XP level 2. HP: 13/13 MP: 0/6
  1384 | D:2      | Reached XP level 3. HP: 16/16 MP: 8/8
  1388 | D:2      | Learned a level 3 spell: Vampiric Draining
  1609 | D:2      | Found a faded altar of an unknown god.
  2056 | D:3      | Reached XP level 4. HP: 21/21 MP: 5/10
  2168 | D:3      | Learned a level 4 spell: Animate Dead
  2453 | D:3      | Reached skill level 5 in Necromancy
  2501 | D:3      | Noticed a scorpion
  2518 | D:3      | Killed a scorpion
  2519 | D:3      | Reached XP level 5. HP: 8/24 MP: 4/12
  2984 | D:4      | Found an iron altar of Okawaru.
  2992 | D:4      | Noticed a black bear
  3166 | D:4      | Reached XP level 6. HP: 28/28 MP: 7/13
  3372 | D:5      | Entered Level 5 of the Dungeon
  3403 | D:5      | Found a sand-covered staircase.
  3440 | D:5      | Noticed Eustachio
  3544 | D:5      | Killed Eustachio
  3545 | D:5      | Reached skill level 5 in Spellcasting
  3545 | D:5      | Reached skill level 6 in Necromancy
  3552 | D:5      | Reached XP level 7. HP: 28/32 MP: 14/16
  3601 | Ossuary  | Entered an ossuary
  3618 | Ossuary  | Slain by a crocodile zombie

Illustrated notes

Levels and vault maps discovered:
D:1:      lightli_arrival_quake, layout_basic
D:2:      layout_basic, shapermc_ecumenical_altar_gd
D:3:      layout_loops_ring, grunt_ministairs_12, roderic_batcave,
          nicolae_kite_square_tiling_tiny, patterned_corridor
D:4:      layout_rooms, mainiacjoe_overflow_concentric_impassable
D:5:      layout_cave_pools, overflow_temple_1_default, lightli_temple_of_fire,
          minmay_temple_entry_junction, nicolae_ossuary_entry_false_entrances,
          uniq_blork_the_orc, uniq_eustachio, uniq_pikel
Ossuary:  ossuary_the_hunt_dpeg

Skill      XL: |  1  2  3  4  5  6 |
---------------+-------------------+-----
Spellcasting   | 3 4 5 |  5.8
Necromancy     | 5 6 |  6.7
Dodging        | |  1.5
Stealth        | |  2.4

Action                     |  1- 3 |  4- 6 |  7- 9 || total
---------------------------+-------+-------+-------++-------
  Melee: Unarmed           |    13 |       |       ||    13
         Dagger            |    94 |   125 |    38 ||   257
         Bite              |    29 |    31 |    12 ||    72
         Punch             |     1 |       |       ||     1
   Cast: Necrotise         |    30 |    41 |     7 ||    78
    Use: Scroll            |       |     4 |       ||     4
   Stab: Distracted        |     1 |       |     1 ||     2
         Sleeping          |     3 |     1 |       ||     4
 Armour: Robe              |    44 |       |       ||    44
         Ring mail         |     3 |   115 |    64 ||   182
  Dodge: Dodged            |    62 |    83 |    38 ||   183
